 Dungeon Crawl Stone Soup version 0.21.1-1-g345015f (webtiles) character file.

254 diana the Skirmisher (level 5, 0/72 HPs)
             Began as a Minotaur Fighter on June 8, 2018.
             Was an Initiate of Gozag.
             Succumbed to an orc wizard's poison
             ... on level 4 of the Dungeon.
             The game lasted 00:03:18 (2570 turns).

diana the Skirmisher (Minotaur Fighter)             Turns: 2570, Time: 00:03:18

Health: 0/72       AC:  7    Str: 26    XL:     5   Next: 90%
Magic:  4/4        EV:  8    Int:  5    God:    Gozag
Gold:   122        SH:  0    Dex: 10    Spells: 4/4 levels left

rFire    + . .     SeeInvis .   a - +0 war axe
rCold    x . .     Gourm    .   c - +0 shield
rNeg     . . .     Faith    .   b - +0 scale mail
rPois    .         Spirit   .   (helmet restricted)
rElec    .         Reflect  .   (no cloak)
rCorr    .         Harm     .   (no gloves)
MR       .....                  (no boots)
Stlth    ..........             (no amulet)
HPRegen  0.22/turn              p - ring of flight
MPRegen  0.09/turn              s - ring of fire

@: confused, berserking, lethally poisoned (0 -> -61), flying, very quick
A: retaliatory headbutt, horns 2
a: Potion Petition, Call Merchant, Bribe Branch, Renounce Religion


You were on level 4 of the Dungeon.
You worshipped Gozag.
Gozag was aware of your devotion.
You were hungry.

You visited 1 branch of the dungeon, and saw 4 of its levels.

You collected 164 gold pieces.
You paid 42 gold pieces to Gozag.

Inventory:

Hand Weapons
 a - a +0 war axe (weapon)
Armour
 b - a +0 scale mail (worn)
 c - a +0 shield (worn)
Jewellery
 p - a ring of flight (left hand)
 q - an uncursed amulet of guardian spirit
 r - an uncursed amulet of harm {unknown}
 s - a ring of fire (right hand)
 x - an uncursed amulet of rage {unknown}
Wands
 o - a wand of flame (28)
Scrolls
 h - a scroll of remove curse
 i - a scroll of immolation
Potions
 d - a potion of might
 e - a potion of flight
 j - a potion of haste
 l - 2 potions of ambrosia
 n - a potion of degeneration {unknown}
 v - a potion of curing {unknown}
Books
 t - a book of Power

   Spells                             Type                      Level
   a - Iskenderun's Battlesphere      Conjuration/Charms           5
   b - Venom Bolt                     Conjuration/Poison           5
   c - Bolt of Magma                  Conjuration/Fire/Earth       5
   d - Iron Shot                      Conjuration/Earth            6
   e - Orb of Destruction             Conjuration                  7
   f - Spellforged Servitor           Conjuration/Summoning        7
Comestibles
 f - 3 rations


   Skills:
 + Level 5.1 Fighting
 + Level 4.3 Axes
 + Level 5.0 Armour
 + Level 5.0 Shields


You had 4 spell levels left.
You didn't know any spells.

Dungeon Overview and Level Annotations

Branches:
Dungeon (4/15)
 Temple: D:4-7

Altars:
Elyvilon
Gozag
Kikubaaqudgha
Makhleb
Nemelex Xobeh
Okawaru
Ru
Trog
Uskayaw
Yredelemnul
Zin

Annotations:
D:3 diana's ghost, amateur DsGl


Innate Abilities, Weirdness & Mutations

You reflexively headbutt those who attack you in melee.
You have a pair of horns on your head.


Message History

Something hits you but does no damage.
You see here 3 gold pieces.
You bump into the rock wall.
* * * LOW HITPOINT WARNING * * *
You feel very sick. Something hits you.
* * * LOW HITPOINT WARNING * * *
You bump into the rock wall.
* * * LOW HITPOINT WARNING * * *
You feel very sick. Something hits you but does no damage.
You are more poisoned.
Something hits you.
* * * LOW HITPOINT WARNING * * *
You are more poisoned.
It was a potion of berserk rage.
A red film seems to cover your vision as you go berserk!
You feel yourself moving faster!
You feel mighty!
You die...
Your body crumbles into a pile of gold.

# ## # ..
.# #### #.
.# .... #?
.# #### ##.
.# .... ..
###$# ####
#. ##...##
..
#.###$....#
###
#.@.$.....#
#####.....#
##...##
##..# #....
$(.##.# ##
.#


There were no monsters in sight!

Vanquished Creatures
  A howler monkey (D:2)
  An orc priest (D:4)
  Jessica (D:2)
  Natasha (D:2)
  A worker ant (D:3)
  An ooze (D:4)
  A worm (D:2)
  A dart slug (D:1)
  4 leopard geckos
  5 orcs
  13 bats
  6 giant cockroaches
  13 goblins
  9 hobgoblins
  7 jackals
  8 kobolds
  A quokka (D:3)
  A frilled lizard (D:3)
  12 rats
87 creatures vanquished.

Notes
Turn   | Place    | Note
-------+----------+-------------------------------------------
     0 | D:1      | diana the Minotaur Fighter began the quest for the Orb.
     0 | D:1      | Reached XP level 1. HP: 19/19 MP: 0/0
   201 | D:1      | Reached XP level 2. HP: 21/27 MP: 1/1
   704 | D:1      | Reached XP level 3. HP: 33/33 MP: 2/2
  1011 | D:2      | Found a sparkling altar of Nemelex Xobeh.
  1011 | D:2      | Found a hide-covered altar of Uskayaw.
  1023 | D:2      | Found an opulent altar of Gozag.
  1026 | D:2      | Found a bloodstained altar of Trog.
  1032 | D:2      | Found a sacrificial altar of Ru.
  1032 | D:2      | Found an ancient bone altar of Kikubaaqudgha.
  1032 | D:2      | Found a white marble altar of Elyvilon.
  1032 | D:2      | Found an iron altar of Okawaru.
  1032 | D:2      | Found a burning altar of Makhleb.
  1035 | D:2      | Found a glowing silver altar of Zin.
  1036 | D:2      | Found a basalt altar of Yredelemnul.
  1105 | D:2      | Noticed Jessica
  1111 | D:2      | Killed Jessica
  1170 | D:2      | Reached XP level 4. HP: 39/41 MP: 3/3
  1238 | D:2      | Found a faded altar of an unknown god.
  1569 | D:2      | Noticed Natasha
  1585 | D:2      | Killed Natasha
  1585 | D:2      | Reached XP level 5. HP: 38/47 MP: 4/4
  2085 | D:2      | Became a worshipper of Gozag Ym Sagoz the Greedy
  2238 | D:3      | Noticed diana's ghost (amateur DsGl)
  2263 | D:4      | Reached skill level 5 in Fighting
  2561 | D:4      | Reached skill level 5 in Armour
  2561 | D:4      | Reached skill level 5 in Shields
  2569 | D:4      | HP: 1/48 [something (2)]
  2570 | D:4      | Succumbed to an orc wizard's poison

Skill      XL: |  1  2  3  4  5 |
---------------+----------------+-----
Shields        | 4 5 |  5.0
Fighting       | 4 5 |  5.1
Armour         | 4 5 |  5.0
Axes           | 3 4 |  4.3

Action                   |  1- 3 |  4- 6 || total
-------------------------+-------+-------++-------
Melee: War axe           |    79 |   106 ||   185
       Headbutt          |    10 |    14 ||    24
  Use: Scroll            |       |     5 ||     5
       Potion            |       |     3 ||     3
  Eat: Chunk             |       |     5 ||     5
Armor: Scale mail        |    30 |    52 ||    82
Dodge: Dodged            |    19 |    28 ||    47
Block: Shield            |    37 |    64 ||   101
